 Dungeon Sprint DCSS version 0.30-a0-534-gdc55766716 (webtiles) character file.

Game seed: 7833689058508822645

102 rocky1 the Cudgeller (level 4, -11/55 HPs)
             Began as a Demonspawn Gladiator on Dec 25, 2022.
             Mangled by a water elemental (16 damage)
             ... in the Dungeon (Sprint III: "The Ten Rune Challenge").
             The game lasted 00:01:04 (570 turns).

rocky1 the Cudgeller (Demonspawn Gladiator)          Turns: 570, Time: 00:01:04

Health: -11/55     AC:  9    Str: 16    XL:     4   Next: 50%
Magic:  4/4        EV:  8    Int: 10    God:
Gold:   19         SH:  0    Dex: 14    Spells: 3/3 levels left

rFire   . . .      SeeInvis .    a - +0 flail
rCold   . . .      Faith    .    (no shield)
rNeg    . . .      Spirit   .    l - +0 chain mail
rPois   .          Reflect  .    (helmet restricted)
rElec   .          Harm     .    (no cloak)
rCorr   .          Rampage  .    (no gloves)
Will    .....      NoTele   +    (no boots) Stlth
                                 (no amulet)
HPRegen 0.29/turn                (no ring)
MPRegen 0.09/turn                (no ring)

@: berserking (expiring), engulfed (cannot breathe), very quick
A: antennae 2
a: no special abilities


You were in the Dungeon.
You visited 1 branch You collected 19 gold pieces.

Inventory:

Hand Weapons
 a - a +0 flail (weapon)
Missiles
 e - a javelin (quivered)
Armour
 b - a +0 leather armour
 c - a +0 helmet
 l - a +0 chain mail (worn)
Scrolls
 d - a scroll of poison {unknown}
 k - a scroll of blinking
 m - 2 scrolls of identify {unknown}
 n - a scroll of immolation {unknown}
Potions
 f - a potion of curing
 g - a potion of heal wounds
 h - a potion of haste
 i - 2 potions of magic
 j - a potion of berserk rage
 o - 2 potions of flight
 p - 5 potions of mutation


   Skills:
 + Level 4.3 Fighting
 * Level 5.8 Maces & Flails
 - Level 1.9 Throwing
 + Level 3.2 Armour
 + Level 4.6 Dodging


You had 3 spell levels left.
You didn't know any spells.
Your spell library was empty.

Dungeon Overview and Level Annotations

Branches:
Dungeon (1/1)

Altars:


Innate Abilities, Weirdness & Mutations

You have a pair of antennae on your head.


Message History

m - 2 scrolls labelled RAHEEMMIECK (gained 1)
o - 2 potions of flight
Things that are here:
a potion of mutation; 2 potions of mutation You now have 19 gold pieces (gained 8).
Things that are here:
a potion of mutation; a potion of mutation
p - a potion of mutation;
p - 2 potions of mutation (gained 1)
p - 3 potions of mutation (gained 1);
p - 5 potions of mutation (gained 2)
There is an open door here.
You open the door.
A water elemental comes into view.
A red film seems to cover your vision as you go berserk!
You feel yourself moving faster!
You feel mighty!
You thump the water elemental!
The water elemental is heavily damaged.
The water elemental hits you.
The water elemental engulfs you in water!
You barely miss the water elemental.
The water elemental is heavily damaged.
Your lungs strain for air!
The water elemental barely misses you.
You barely miss the water elemental.
The water elemental is heavily damaged.
Your lungs strain for air!
You hit the water elemental.
The water elemental is severely damaged.
Your lungs strain for air!
The water elemental hits you!
You sock the water elemental!
The water elemental is almost destroyed.
Your lungs strain for air!
The water elemental hits you!
* * * LOW HITPOINT WARNING * * *
You barely miss the water elemental.
The water elemental is almost destroyed.
* * * LOW HITPOINT WARNING * * *
Your lungs strain for air!
The water elemental hits you!
You die...

▓▓▓▓▓▓▓▓ ▓▓▓ <..#)..####
##.# ...#......#####..#
..##....÷..#..#..#{
##.##.##...#..#..# #+#+#
##.##.###..##'#..#......
#.####.##..###..@E.⌠....
.###..##.)####...#...###
#.....##..###....# ⌠.#
###..##...##.....# .#
##..##....#......# #
#..###..##.#.....# #..#
#.. ####....# ▓▓▓▓ ▓▓▓
▓▓▓▓▓▓


You could see a water elemental.

Vanquished Creatures
  A scorpion (D)
  Jessica (D)
  A human (D)
  An endoplasm (D)
  2 rats (D)
6 creatures vanquished.

Notes
Turn   | Place    | Note
-------+----------+-------------------------------------------
     0 | D        | rocky1 the Demonspawn Gladiator began the quest for the
                  | Orb.
     0 | D        | Reached XP level 1. HP: 16/16 MP: 1/1
    18 | D        | Reached skill level 3 in Maces & Flails
    49 | D        | Noticed Jessica
    56 | D        | Killed Jessica
    57 | D        | Reached skill level 4 in Maces & Flails
    57 | D        | Reached skill level 1 in Armour
    57 | D        | Gained mutation: You have a pair of small antennae on your
                  | head. [demonic ancestry]
    57 | D        | Reached XP level 2. HP: 22/24 MP: 2/2
    57 | D        | Gained mutation: You have a pair of antennae on your head.
                  | [demonic ancestry]
    57 | D        | Reached XP level 3. HP: 27/29 MP: 3/3
   292 | D        | Noticed a scorpion
   312 | D        | Killed a scorpion
   313 | D        | Reached skill level 5 in Maces & Flails
   313 | D        | Reached XP level 4. HP: 20/37 MP: 4/4
   563 | D        | Noticed a water elemental
   570 | D        | Mangled by a water elemental

Illustrated notes

Levels and vault maps discovered:
D:        dungeon_sprint_mu [sprint_mu_entry_cave, sprint_mu_temple_rooms,
          sprint_mu_d1_spiders, sprint_mu_d2_genie, sprint_mu_d3_branching,
          sprint_mu_orc_legion, sprint_mu_elf_gauntlet, sprint_mu_hive_nellie,
          sprint_mu_lair_fedhas, sprint_mu_vaults_butterflies,
          sprint_mu_slime_circle, sprint_mu_shoals_archi,
          sprint_mu_snake_twists, sprint_mu_blade_basic,
          sprint_mu_crypt_fortress, sprint_mu_tomb_spiral,
          sprint_mu_vestibule_basic, sprint_mu_gehenna_hellfire,
          sprint_mu_dis_giant, sprint_mu_tartarus_statrot,
          sprint_mu_cocytus_islands, sprint_mu_zot1]

Skill      XL: |  1  2  3 |
---------------+----------+-----
Maces & Flails | 4 5 |  5.8
Dodging        | 3 4 |  4.6
Fighting       | 3 4 |  4.3
Armour         | 1 3 |  3.2
Throwing       | |  1.9

Action                   |  1- 3 |  4- 6 || total
-------------------------+-------+-------++-------
Melee: Flail             |    41 |     6 ||    47
Throw: Throwing net      |     4 |       ||     4
  Use: Potion            |       |     1 ||     1
 Stab: Held in net/web   |     3 |       ||     3
Armor: Chain mail        |    13 |     1 ||    14
Dodge: Dodged            |    13 |     1 ||    14

Table legend: (Time is in decaauts)
 A = Elapsed time spent in this place.
 B = Non-inter-level travel time spent in this place.
 C = Inter-level travel time spent in this place.
 D = Time resting spent in this place.
 E = Time spent auto-exploring this place.
 F = Levels seen in this place.
 G = Mean time per level.
                   A        B        C        D        E       F      G
               +--------+--------+--------+--------+--------+-----+--------+
         Total |    576 |    576 |      0 |    429 |     18 |   1 |  576.0 |
       Dungeon |    576 |    576 |      0 |    429 |     18 |   1 |  576.0 |
               +--------+--------+--------+--------+--------+-----+--------+

Top non-repeatable levels by time:
       D: 576 daAuts
